 Dungeon Crawl Stone Soup version 0.14-a0-484-gae2d0ec (webtiles) character file.

395 Malachi the Chopper (level 5, -2/49 HPs)
             Began as a Deep Dwarf Berserker on Oct 31, 2013.
             Was a Priest of Trog.
             Slain by Prince Ribbit (8 damage)
             ... on Level 4 of the Dungeon.
             The game lasted 00:05:25 (2668 turns).

Malachi the Chopper (Deep Dwarf Berserker)          Turns: 2668, Time: 00:05:26

HP  -2/49        AC 10     Str 22      XL: 5   Next: 75%
MP   4/4         EV  7     Int  7      God: Trog [***...]
Gold 162         SH  0     Dex 12      Spells:  0 memorised,  4 levels left

Res.Fire  : . . .   See Invis. : .   B - +0 war axe
Res.Cold  : . . .   Warding    : .   t - +0 dwarf chain mail
Life Prot.: . . .   Conserve   : .   (no shield)
Res.Poison: .       Res.Corr.  : .   (no helmet)
Res.Elec. : .       Clarity    : .   (no cloak)
Sust.Abil.: . .     Spirit.Shd : .   (no gloves)
Res.Mut.  : .       Stasis     : .   (no boots)
Res.Rott. : .       Flight     : .   (no amulet)
Saprovore : . . .                    (no ring)
                                     (no ring)

@: non-regenerating, exhausted, extremely poisoned, slowed, very slow, somewhat
resistant to hostile enchantments, extremely unstealthy
A: damage resistance, recharge devices, sense surroundings 1, slow healing 3
a: Device Recharging, Burn Spellbooks, Berserk, Trog's Hand, Renounce Religion


You were on level 4 of the Dungeon.
You worshipped Trog.
Trog was most pleased with you.
You were near starving.

You visited 1 branch of the dungeon, and saw 4 of its levels.

You collected 162 gold pieces.

Inventory:

Hand weapons
 a - a +0,+0 dwarven hand axe
 o - a +0 blowgun
 B - a +0,+0 war axe (weapon)
Missiles
 p - 13 poisoned needles
 y - 4 darts of flame (quivered)
 A - 8 needles of sleeping
Armour
 b - a +0 animal skin
 t - a +0 dwarven chain mail (worn)
Magical devices
 c - a wand of heal wounds (5)
 u - a wand of flame (11) {unknown}
Comestibles
 d - 4 bread rations
 h - 2 meat rations
 z - 23 sultanas
 G - 9 grapes
Scrolls
 e - a scroll of teleportation {unknown}
 f - a scroll of blinking {unknown}
 g - 2 scrolls of recharging {unknown}
 i - 2 scrolls of enchant weapon II {unknown}
 j - a scroll of curse armour {unknown}
 l - 2 scrolls of random uselessness {unknown}
 m - a scroll of magic mapping {unknown}
 n - 5 scrolls of identify {unknown}
 s - 4 scrolls of remove curse {unknown}
 v - a scroll of fear {unknown}
 C - a scroll of curse weapon {unknown}
Jewellery
 q - a +3 ring of intelligence
Potions
 k - a potion of might
 r - a potion of magic {unknown}
 w - a potion of agility {unknown}
 x - a potion of cure mutation {unknown}
 D - a potion of beneficial mutation {unknown}
 E - 2 potions of curing
 F - a potion of poison {unknown}


   Skills:
 - Level 2.6 Fighting
 * Level 7.2 Axes
 - Level 2.1 Armour
 - Level 2.1 Dodging


You had 4 spell levels left.
You didn't know any spells.

Dungeon Overview and Level Annotations

Branches:
Dungeon (4/27)
 Temple: D:4-7

Altars:
Cheibriados
the Shining One

Annotations:
D:4 Prince Ribbit


Innate Abilities, Weirdness & Mutations

You are resistant to damage.
You can recharge devices by infusing magical energy.
You passively map a small area around you.
You do not heal naturally.


Message History

Prince Ribbit blinks!
The orc hits you with an orcish dagger of venom.
Unknown command.
You hit the orc but do no damage.
You are near starving!
The orc hits you with an orcish dagger of venom.
Prince Ribbit blinks!
Unknown command.
Your chain mail prevents you from hitting the orc.
You feel very sick. The orc hits you but does no damage.
You are more poisoned.
The orc hits you but does no damage.
You hit the orc.
You kill the orc!
Trog accepts your kill.
* * * LOW HITPOINT WARNING * * *
You feel extremely sick. Prince Ribbit hits you!
You die...

* , * # , , .#
*,, , .# *,* .#
, * **, ##.# *
* . ###..#
?....#####....#
#....)@F.#..# *
#...####)...#
#.*, ####...# ,
#......# **
#.##..##
#.##..# #.##..#
, #.##..#
########.##..#


You could see Prince Ribbit.

Vanquished Creatures
  An iguana (D:4)
  An ogre skeleton (D:3)
  Terence (D:3)
  3 adders
  6 gnolls (D:2)
  A worm zombie (D:4)
  2 worms (D:3)
  2 giant geckos (D:3)
  3 orcs
  13 bats
  3 giant cockroaches
  11 hobgoblins
  4 jackals (D:2)
  3 quokkas
  A ball python (D:1)
  2 giant newts
  5 goblins
  7 kobolds
  11 rats
80 creatures vanquished.

Notes
Turn   | Place    | Note
--------------------------------------------------------------
     0 | D:1      | Malachi, the Deep Dwarf Berserker, began the quest for the Orb.
     0 | D:1      | Reached XP level 1. HP: 21/21 MP: 0/0
    54 | D:1      | Reached XP level 2. HP: 28/28 MP: 1/1
    84 | D:1      | Reached skill level 4 in Axes
   160 | D:1      | Acquired Trog's second power
   852 | D:2      | Reached XP level 3. HP: 30/34 MP: 2/2
   872 | D:2      | Found a snail-covered altar of Cheibriados.
   877 | D:2      | Reached skill level 5 in Axes
  1016 | D:2      | Found a glowing golden altar of the Shining One.
  1060 | D:2      | Reached XP level 4. HP: 43/43 MP: 3/3
  1364 | D:2      | Reached skill level 6 in Axes
  1698 | D:3      | Reached XP level 5. HP: 38/49 MP: 4/4
  1893 | D:3      | Noticed Terence
  1903 | D:3      | Killed Terence
  2155 | D:3      | Found a snail-covered altar of Cheibriados.
  2648 | D:4      | Noticed Prince Ribbit
  2649 | D:4      | Reached skill level 7 in Axes
  2668 | D:4      | Slain by Prince Ribbit

Action                   |  1- 3 |  4- 6 || total
-------------------------+-------+-------++-------
Melee: Hand axe          |    96 |    77 ||   173
       War axe           |       |    86 ||    86
Invok: Trog's Hand       |     1 |     3 ||     4
       Berserk           |     1 |     1 ||     2
  Use: Potion            |       |     3 ||     3
 Stab: Sleeping          |     1 |       ||     1
